AoeStats
← WarSong

MegaRandom

508338775Analyzed
2v2 RM · 9d ago on Sep 22, 2026· 99m 14s· 4 players
Game mode
Random Map
Map size
Medium (4 player)
Population
200
Speed
Normal
Resources
Standard
Victory
Conquest
Starting age
Dark Age
Ending age
Imperial Age
RankedLock teamsTeams togetherTeam positionsShared explorationLock speedFull tech treeHidden civsTurbo modeCheats
Victory
Defeat
🇺🇸 Gurjaras · United States
794
+17
🇨🇴 Bengalis · Colombia
761
+19
🇨🇦 Franks · Canada
868
-20
🇨🇦 Gurjaras · Canada
781
-16
alejoc9302
2:07 Loom
14:28 Feudal Age
15:50 Town Watch
16:40 Bloodlines
19:05 Horse Collar
20:14 Forging
20:10 Scale Barding Armor
20:19 Double-Bit Axe
25:29 Castle Age
24:25 Arson
24:01 Man-at-Arms
24:37 Fletching
26:30 Wheelbarrow
25:58 Light Cavalry
26:39 Husbandry
28:19 Iron Casting
28:31 Chain Barding Armor
31:23 Heavy Plow
32:28 Gambesons
33:17 Ballistics
33:40 Elite Skirmisher
35:50 Squires
35:54 Long Swordsman
35:54 Pikeman
41:09 Imperial Age
39:08 Town Patrol
39:03 Pikeman
39:46 Padded Archer Armor
40:09 Bow Saw
41:46 Scale Mail Armor
42:05 Bodkin Arrow
42:25 Leather Archer Armor
43:01 Crop Rotation
44:17 Plate Barding Armor
44:42 Blast Furnace
43:44 Bracer
43:59 Chain Mail Armor
45:20 Two-Man Saw
44:48 Chain Mail Armor
45:24 Halberdier
50:22 Chemistry
49:19 Murder Holes
49:34 Masonry
60:45 Conscription
65:41 Crossbowman
66:05 Elite Elephant Archer
66:50 Elite Battle Elephant
67:24 Arbalester
68:44 Hand Cart
71:28 Ring Archer Armor
77:35 Two-Handed Swordsman
84:11 Mahayana
partyengineer
12:09 Feudal Age
12:37 Double-Bit Axe
16:05 Horse Collar
16:59 Gold Mining
19:17 Castle Age
17:49 Forging
17:45 Scale Barding Armor
18:33 Bloodlines
21:23 Bow Saw
22:57 Iron Casting
23:42 Husbandry
26:05 Wheelbarrow
26:02 Stone Mining
27:48 Hand Cart
28:05 Loom
28:06 Town Watch
29:32 Chain Barding Armor
30:48 Stone Shaft Mining
30:16 Heavy Plow
30:53 Gold Shaft Mining
33:40 Padded Archer Armor
33:31 Fletching
34:07 Murder Holes
34:33 Ballistics
34:25 Masonry
35:30 Bodkin Arrow
40:41 Imperial Age
39:18 Leather Archer Armor
41:11 Kshatriyas
44:25 Frontier Guards
55:27 Heavy Camel Rider
61:30 Crop Rotation
62:16 Fervor
64:30 Plate Barding Armor
86:34 Heavy Scorpion
91:31 Hoardings
91:21 Conscription
95:25 Chemistry
94:56 Architecture
94:46 Elite Shrivamsha Rider
DingleDwarf69
10:56 Feudal Age
11:29 Double-Bit Axe
16:06 Forging
17:56 Scale Barding Armor
21:54 Castle Age
22:01 Loom
23:29 Loom
26:33 Squires
26:38 Scale Mail Armor
27:14 Iron Casting
28:02 Wheelbarrow
27:38 Gold Mining
29:41 #83
32:28 Chain Mail Armor
37:22 Imperial Age
35:56 Gold Shaft Mining
37:53 Elite Throwing Axeman
40:46 Plate Mail Armor
62:22 Blast Furnace
WarSong
9:49 Feudal Age
10:27 Double-Bit Axe
10:25 Horse Collar
15:32 Scale Barding Armor
15:38 Forging
19:09 Castle Age
17:34 Gold Mining
20:00 Bow Saw
21:55 Fletching
22:40 Iron Casting
22:33 Stone Mining
28:19 Padded Archer Armor
29:29 Bodkin Arrow
32:59 Ballistics
35:30 Leather Archer Armor
37:31 Stone Shaft Mining
37:31 Gold Shaft Mining
37:17 Scale Mail Armor
38:14 Masonry
43:00 Thumb Ring
47:14 Sanctity
50:41 Imperial Age
49:31 Wheelbarrow
48:43 Town Watch
48:45 Loom
51:52 Elite Chakram Thrower
52:53 Conscription
53:30 Elite Elephant Archer
58:20 Bloodlines
58:10 Husbandry
57:31 Light Cavalry
66:09 Kshatriyas
84:59 Hussar
Connection lost

Rejoining the realm…

Still unreachable

The connection could not be restored.

Session expired

The server has moved on; the page needs a fresh start.